 Dungeon Crawl Stone Soup version 0.31-a0-1603-gbec6b6ccbf (webtiles) character file.

Game seed: 318718472058420276

366 jasper the Ruffian (level 6, 0/59 HPs)
             Began as a Troll Shapeshifter on Jan 7, 2024.
             Slain by an orc
             ... wielding a +0 trident
              (9 damage)
             ... on level 4 of the Dungeon.
             The game lasted 00:03:11 (2407 turns).

jasper the Ruffian (Troll Shapeshifter)             Turns: 2407, Time: 00:03:11

Health: 0/59       AC: -4    Str: 23    XL:     6   Next: 40%
Magic:  6/6        EV:  9    Int:  6    God:
Gold:   157        SH:  0    Dex: 11    Spells: 7/7 levels left

rFire   . .          .
                       - Unarmed
rCold   . . .        (no shield)
rNeg    . . .        a - +0 animal skin
rPois   .            (helmet currently unavailable)
rElec   .            (cloak currently unavailable)
rCorr   .            (gloves unavailable)
SInv    .            (boots unavailable)
Will    .....        (no amulet)
Stlth   +            (no ring)
HPRegen 1.09/turn    (no ring)
MPRegen 0.10/turn

%: no passive effects
@: beast-form, corroded
A: beast (slay +2), large, unfitting armour, claws 3, regeneration 1, shaggy fur
1, tough skin 1
a: Begin Untransformation


You were on level 4 of the Dungeon.
You were a hulking beast.
You visited 1 branch of the dungeon, and saw 4 of its levels.

You collected 157 gold pieces.

Inventory:

Missiles
 k - 14 stones (quivered)
 o - 4 curare-tipped darts
Armour
 a - a +0 animal skin (worn)
 m - a +0 cloak
Jewellery
 h - a +6 ring of intelligence
Talismans
 c - a beast talisman
 d - a flux talisman
 s - a serpent talisman
Wands
 j - a wand of charming (12)
Scrolls
 e - a scroll of teleportation
 f - a scroll of blinking {unknown}
 i - a scroll of amnesia {unknown}
 l - a scroll of silence {unknown}
 n - a scroll of fear
 p - 2 scrolls of revelation {unknown}
 q - a scroll of enchant armour {unknown}
Potions
 g - a potion of enlightenment
 r - a potion of degeneration {unknown}
 t - a potion of curing {unknown}
 u - a potion of invisibility {unknown}


   Skills:
 + Level 2.5 Fighting
 - Level 1.5 Dodging
 * Level 5.2 Unarmed Combat
 - Level 1.1 Spellcasting
 + Level 4.1 Shapeshifting


You had 7 spell levels left.
You didn't know any spells.
Your spell library was empty.

Dungeon Overview and Level Annotations

Branches:
Dungeon (4/15)
 Temple: D:4-7

Altars:
Nemelex Xobeh


Innate Abilities, Weirdness & Mutations

You are a hulking beast.
Your limbs bulge with bestial killing power. (Slay +2)
You are too large for most types of armour.
You have claws for hands.
Your natural rate of healing is unusually fast.
You are covered in fur. (AC +1)
You have tough skin. (AC +1)


Message History

You kill the orc!
The orc barely misses you.
You claw the orc!
You kill the orc!
The orc barely misses you.
You claw the orc!
You kill the orc!
The orc hits you from afar with a +0 trident!
You take 6 damage, and have 50/59 hp.
You swing at nothing.
The orc closely misses you.
You scratch the jelly.
Your claws burn!
The jelly is lightly wounded.
The jelly hits you but does no damage. The orc barely misses you.
You take 3 damage, and have 48/59 hp.
You scratch the jelly. The acid corrodes you!
Your claws burn!
The jelly is heavily wounded.
The jelly hits you. The acid corrodes you!
You are splashed with acid.
The orc hits you from afar with a +0 trident!
You take 19 damage, and have 29/59 hp.
MASSIVE DAMAGE!!
You claw the jelly!
You kill the jelly!
The orc barely misses you.
You scratch the orc but do no damage.
The orc hits you from afar with a +0 trident!
The orc hits you with a +0 club.
You take 10 damage, and have 20/59 hp.
You closely miss the orc. You closely miss the orc.
The orc hits you from afar with a +0 trident!
* * * LOW HITPOINT WARNING * * *
The orc hits you with a +0 club.
* * * LOW HITPOINT WARNING * * *
You barely miss the orc.
The orc hits you from afar with a +0 trident.
* * * LOW HITPOINT WARNING * * *
The orc barely misses you.
You claw the orc!
You kill the orc!
The orc hits you from afar with a +0 trident!
You die...

...>....
.......
<..... #....
#... #.o #)#
#h#
###########.#
#.....<.....#
#.###########


You could see an orc.

Vanquished Creatures
  Sigmund (D:3)
  An orc warrior (D:3)
  A jelly (D:4)
  A gnoll (D:1)
  An adder (D:2)
  A dart slug (D:3)
  4 orcs (D:4)
  3 ball pythons (D:1)
  2 bats
  6 endoplasms
  3 giant cockroaches
  7 goblins
  7 hobgoblins
  7 jackals
  A quokka (D:1)
  6 frilled lizards
  3 kobolds
  3 rats
58 creatures vanquished.

Notes
Turn   | Place    | Note
-------+----------+-------------------------------------------
     0 | D:1      | jasper the Troll Shapeshifter began the quest for the Orb.
     0 | D:1      | Reached XP level 1. HP: 18/18 MP: 0/0
   148 | D:1      | Reached skill level 1 in Fighting
   163 | D:1      | Reached XP level 2. HP: 27/27 MP: 1/1
   454 | D:1      | Reached XP level 3. HP: 33/33 MP: 2/2
  1446 | D:2      | Found a sparkling altar of Nemelex Xobeh.
  1614 | D:3      | Reached XP level 4. HP: 41/41 MP: 4/4
  1842 | D:3      | Noticed an orc warrior
  1856 | D:3      | Killed an orc warrior
  1857 | D:3      | Reached skill level 4 in Unarmed Combat
  1857 | D:3      | Reached skill level 1 in Spellcasting
  1857 | D:3      | Reached XP level 5. HP: 37/49 MP: 5/5
  2235 | D:3      | Noticed Sigmund
  2249 | D:3      | Killed Sigmund
  2250 | D:3      | Reached skill level 5 in Unarmed Combat
  2250 | D:3      | Reached XP level 6. HP: 36/59 MP: 6/6
  2407 | D:4      | Slain by an orc

Illustrated notes

Levels and vault maps discovered:
D:1:      minmay_arrival_arboretum_small, layout_basic, minmay_misc_feat_doors,
          minivault_4
D:2:      layout_basic, basic_altar, minmay_misc_feat_columns
D:3:      layout_basic, st_stairs_10, uniq_sigmund
D:4:      layout_loops_ring, minmay_temple_entry_hall, uniq_ijyb, uniq_robin,
          uniq_crazy_yiuf_cottage

Skill      XL: |  1  2  3  4  5 |
---------------+----------------+-----
Fighting       | 1 2 |  2.5
Unarmed Combat | 4 5 |  5.2
Spellcasting   | 1 |  1.1
Shapeshifting  | 4 |  4.1
Dodging        | |  1.5

Action                     |  1- 3 |  4- 6 || total
---------------------------+-------+-------++-------
  Melee: Unarmed           |    86 |    49 ||   135
         Punch             |     3 |       ||     3
    Use: Scroll            |     5 |       ||     5
         Potion            |       |     1 ||     1
   Stab: Sleeping          |     2 |       ||     2
 Armour: Animal skin       |    44 |    32 ||    76
         Skin              |       |     8 ||     8
  Dodge: Dodged            |    28 |     7 ||    35

Table legend: (Time is in decaauts)
 A = Elapsed time spent in this place.
 B = Non-inter-level travel time spent in this place.
 C = Inter-level travel time spent in this place.
 D = Time resting spent in this place.
 E = Time spent auto-exploring this place.
 F = Levels seen in this place.
 G = Mean time per level.
                   A        B        C        D        E       F      G
               +--------+--------+--------+--------+--------+-----+--------+
         Total |   2396 |   2321 |     75 |    127 |   1782 |   4 |  599.0 |
       Dungeon |   2396 |   2321 |     75 |    127 |   1782 |   4 |  599.0 |
               +--------+--------+--------+--------+--------+-----+--------+

Top non-repeatable levels by time:
     D:1: 991 daAuts
     D:3: 874 daAuts
     D:2: 504 daAuts
     D:4: 25 daAuts
